 Dungeon Crawl Stone Soup version 0.24-a0-139-geb6712d (webtiles) character file.

Game seed: 0

151 Firecrotchwizard the Firebug (level 5, 0/35 HPs)
             Began as a Demonspawn Fire Elementalist on Mar 1, 2019.
             Succumbed to kobold's curare-tipped needle
             ... on level 2 of the Dungeon on Mar 2, 2019.
             The game lasted 00:09:50 (3118 turns).

Firecrotchwizard the Firebug (DsFE)                 Turns: 3118, Time: 00:09:51

Health: 0/35       AC:  2    Str: 14    XL:     5   Next: 11%
Magic:  5/9        EV: 12    Int: 22    God:
Gold:   147        SH:  0    Dex: 13    Spells: 1/9 levels left

rFire    + . .     SeeInvis .   a - +2 short sword (speed)
rCold    x . .     Gourm    .   (no shield)
rNeg     . . .     Faith    .   j - +0 robe
rPois    .         Spirit   .   (no helmet)
rElec    .         Reflect  .   (no cloak)
rCorr    .         Harm     .   (no gloves)
MR       .....                  (no boots)
Stlth    ++........             (no amulet)
HPRegen  0.11/turn              f - ring of fire {rF+, rC-}
MPRegen  0.11/turn              (no ring)

@: mighty, brilliant, lethally poisoned (0 -> -12), flying, slowed, very slow
A: claws 1, powered by pain 1, rot immunity
a: no special abilities


You were on level 2 of the Dungeon.
You were not hungry.

You visited 1 branch of the dungeon, and saw 3 of its levels.

You collected 147 gold pieces.

Inventory:

Hand Weapons
 a - a +2 short sword of speed (weapon)
   (You took it off a kobold on level 1 of the Dungeon)
 b - a +0 hunting sling
   (You found it on level 1 of the Dungeon)
Missiles
 l - 21 stones (quivered)
Armour
 j - a +0 robe (worn)
Jewellery
 f - a ring of fire (left claw) {rF+, rC-}
   (You found it on level 1 of the Dungeon)
 r - an uncursed amulet of harm {unknown}
   (You found it on level 2 of the Dungeon)
Wands
 p - a wand of digging (6)
   (You found it on level 2 of the Dungeon)
Scrolls
 e - 2 scrolls of amnesia {unknown}
 g - a scroll of fear {unknown}
 h - a scroll of remove curse {unknown}
 i - a scroll of blinking {unknown}
 m - a scroll of enchant weapon {unknown}
 q - a scroll of random uselessness {unknown}
 t - a scroll of magic mapping {unknown}
Potions
 d - 4 potions of might
 k - a potion of heal wounds {unknown}
 n - a potion of flight
Comestibles
 c - 4 rations


   Skills:
 - Level 1.9 Dodging
 - Level 2.0 Stealth
 + Level 2.9 Spellcasting
 * Level 3.4 Conjurations
 + Level 3.4 Fire Magic


You had one spell level left.
You knew the following spells:

 Your Spells              Type           Power        Failure   Level  Hunger
a - Flame Tongue          Conj/Fire      #####        1%          1    None
c - Conjure Flame         Conj/Fire      #####...     1%          3    ###....
s - Sticky Flame          Conj/Fire      #####...     3%          4    ####...

Your spell library contained the following spells:

 Spells                   Type           Power        Failure   Level  Hunger
 Throw Flame              Conj/Fire      #####.       1%          2    ##.....
 Inner Flame              Hex/Fire       #####...     2%          3    ###....
 Fireball                 Conj/Fire      #####.....   10%         5    ######.


Dungeon Overview and Level Annotations

Branches:
Dungeon (3/15)

Altars:
Nemelex Xobeh
Sif Muna
The Shining One


Innate Abilities, Weirdness & Mutations

You have sharp fingernails.
You sometimes gain a little power by taking damage.
You are immune to rotting.


Message History

Aim: a rat You feel a surge of power!
The flame tongue hits the rat!
You kill the rat!
You now have 8/9 mp.
Aim: a hobgoblin You feel a surge of power!
The flame tongue hits the hobgoblin but does no damage.
You now have 7/9 mp.
Aim: a hobgoblin You feel a surge of power!
The flame tongue hits the adder but does no damage.
The adder bites you.
You take 1 damage, and have 34/35 hp.
You now have 6/9 mp.
Aim: a hobgoblin You feel a surge of power!
The flame tongue hits the adder.
The adder closely misses you.
You now have 5/9 mp.
Aim: a hobgoblin You feel a surge of power!
The flame tongue hits the adder!
You kill the adder!
You now have 4/9 mp.
Aim: a hobgoblin You feel a surge of power!
The flame tongue hits the hobgoblin!
You kill the hobgoblin!
You now have 3/9 mp.
Aim: a kobold, wielding a +0 whip You feel a surge of power!
The flame tongue hits the kobold but does no damage.
The kobold hits you with a +0 whip.
You take 2 damage, and have 32/35 hp.
You now have 2/9 mp.
You closely miss the kobold. The kobold hits you with a +0 whip.
You take 1 damage, and have 31/35 hp.
You closely miss the kobold. The kobold barely misses you.
You hit the kobold.
You kill the kobold!
There is a large open door, spattered with blood here.
Items here: ( ) ? ††† a +0 whip; a scroll labeled TITOSMICEC; 9 stones; a kobold corpse a hobgoblin corpse; an adder corpse You butcher the hobgoblin corpse.
There is a large open door, spattered with blood here.
Items here: % ( ) ? ÷ ††
There is a large open door here.
There's a thick-headed creature in the doorway!
The kobold wields a +0 blowgun.
The kobold shoots a curare-tipped needle.
The curare-tipped needle hits you.
You are poisoned.
You have difficulty breathing.
You feel yourself slow down.
You see here a curare-tipped needle.
You take 10 damage, and have 22/35 hp.
MASSIVE DAMAGE!!
You close the large door, pushing everything out of the way.
You feel sick.
You take 2 damage, and have 20/35 hp.
It was a potion of might.
You feel very mighty all of a sudden.
You feel sick.
You take 1 damage, and have 19/35 hp.
You feel sick.
Something unseen opens the large door.
You take 1 damage, and have 19/35 hp.
You feel sick.
You take 1 damage, and have 18/35 hp.
You feel sick.
The kobold shoots a curare-tipped needle.
The curare-tipped needle hits you.
You are lethally poisoned!
You have difficulty breathing.
* * * LOW HITPOINT WARNING * * *
You feel as though you will be slow longer.
The kobold shoots a curare-tipped needle.
The curare-tipped needle closely misses you.
You see here a curare-tipped needle.
You take 9 damage, and have 9/35 hp.
MASSIVE DAMAGE!!
* * * LOW HITPOINT WARNING * * *
You feel sick.
The kobold shoots a curare-tipped needle.
The curare-tipped needle barely misses you.
There is an escape hatch in the ceiling here.
You take 2 damage, and have 7/35 hp.
* * * LOW HITPOINT WARNING * * *
You feel sick.
The kobold shoots a curare-tipped needle.
The curare-tipped needle misses you. A mysterious force pulls you upwards.
The hatch slams shut behind you.
* * * LOW HITPOINT WARNING * * *
You feel very sick.
Unknown command.
You take 4 damage, and have 3/35 hp.
It was a potion of flight.
You feel very buoyant.
You fly up into the air.
* * * LOW HITPOINT WARNING * * *
You feel sick.
You take 2 damage, and have 1/35 hp.
It was a potion of brilliance.
You feel clever all of a sudden.
You die...

...# #..# .### ##(#
..### #.## #...#####
#..# ###.....##
##'##### #
##...##8##⌠.⌠##8##
####..##...##.##...##
.<....#_.⌠..'.'..⌠._#
####..##...##⌠##@..##
.# #...##8#######8##
.# #....## ### .#
###### .# .# .# .# ##


There were no monsters in sight!

Vanquished Creatures
  An orc priest (D:3)
  2 adders
  4 gnolls
  A dart slug (D:1)
  3 leopard geckos
  4 orcs (D:3)
  3 ball pythons
  10 bats
  2 giant cockroaches (D:1)
  5 goblins
  5 hobgoblins
  2 frilled lizards
  4 kobolds
  10 rats
56 creatures vanquished.

Notes
Turn   | Place    | Note
-------+----------+-------------------------------------------
     0 | D:1      | Firecrotchwizard the Demonspawn Fire Elementalist began the
                  | quest for the Orb.
     0 | D:1      | Reached XP level 1. HP: 13/13 MP: 3/3
   207 | D:1      | Reached skill level 2 in Stealth
   207 | D:1      | Gained mutation: You have sharp fingernails. [demonic
                  | ancestry]
   207 | D:1      | Reached XP level 2. HP: 15/19 MP: 0/5
   341 | D:1      | HP: 3/19 [kobold/+2 short sword of speed (7)]
  1018 | D:1      | Reached skill level 3 in Fire Magic
  1018 | D:1      | Reached XP level 3. HP: 22/24 MP: 0/6
  1082 | D:1      | Reached skill level 2 in Conjurations
  1358 | D:1      | Found a sparkling altar of Nemelex Xobeh.
  1725 | D:1      | Learned a level 3 spell: Conjure Flame
  1725 | D:1      | Upgraded the game from 0.24-a0-136-gad582e5 to
                  | 0.24-a0-139-geb6712d
  2068 | D:2      | Gained mutation: You are immune to rotting. [demonic
                  | ancestry]
  2068 | D:2      | Reached XP level 4. HP: 29/30 MP: 3/7
  2163 | D:1      | HP: 7/30 [gnoll/+0 spear (4)]
  2524 | D:2      | Learned a level 4 spell: Sticky Flame
  2653 | D:2      | Found a deep blue altar of Sif Muna.
  2660 | D:2      | Found a glowing golden altar of the Shining One.
  2830 | D:3      | Reached skill level 3 in Conjurations
  2847 | D:3      | Gained mutation: You sometimes gain a little power by
                  | taking damage. [demonic ancestry]
  2847 | D:3      | Reached XP level 5. HP: 15/35 MP: 1/9
  3114 | D:3      | HP: 7/35 [poisoned by kobold (curare-tipped needle)]
  3116 | D:2      | HP: 3/35 [poisoned by kobold (curare-tipped needle)]
  3117 | D:2      | HP: 1/35 [poisoned by kobold (curare-tipped needle)]
  3118 | D:2      | Succumbed to kobold's curare-tipped needle

Levels and vault maps discovered:
D:1:      onia_arrival_handbag, layout_rooms, serial_curves, eino_curves_03,
          eino_curves_03, nemelex_diamond_rough_becter
D:2:      layout_rooms, amethyst_overflow_temple_binary,
          hangedman_decor_clover_reticule
D:3:      layout_basic, lemuel_zombie_altar_yredelemnul

Skill      XL: |  1  2  3  4 |
---------------+-------------+-----
Stealth        | 2 |  2.0
Fire Magic     | 3 |  3.4
Conjurations   | 2 3 |  3.4
Dodging        | |  1.9
Spellcasting   | |  2.9

Action                   |  1- 3 |  4- 6 || total
-------------------------+-------+-------++-------
Melee: Unarmed           |    15 |       ||    15
       Club              |     5 |       ||     5
       Short sword       |    73 |    26 ||    99
 Fire: Hunting sling     |     1 |       ||     1
Throw: Stone             |    43 |     5 ||    48
 Cast: Flame Tongue      |    43 |    25 ||    68
  Use: Potion            |       |     3 ||     3
  Eat: Chunk             |     4 |       ||     4
       Ration            |       |     1 ||     1
Armor: Robe              |    36 |     3 ||    39
Dodge: Dodged            |    77 |    22 ||    99

Table legend:
 A = Non-vault XP
 B = Vault XP
 C = Vault XP percentage of total XP
 D = Non-vault monster count
 E = Vault monster count
 F = Vault count percentage of total count
                 A         B        C        D         E       F
            +---------+---------+-------+---------+---------+-------
      Total |     212 |       5 |   2.3 |      52 |       4 |   7.1
            +---------+---------+-------+---------+---------+-------
        D:1 |      63 |       5 |   7.4 |      28 |       4 |  12.5
        D:2 |      67 |       0 |   0.0 |      12 |       0 |   0.0
        D:3 |      82 |       0 |   0.0 |      12 |       0 |   0.0
            +---------+---------+-------+---------+---------+-------

Levels and vault maps discovered:
D:1:      onia_arrival_handbag, layout_rooms, serial_curves, eino_curves_03,
          eino_curves_03, nemelex_diamond_rough_becter
D:2:      layout_rooms, amethyst_overflow_temple_binary,
          hangedman_decor_clover_reticule
D:3:      layout_basic, lemuel_zombie_altar_yredelemnul

Table legend:
 A = Turns spent in this place as a percentage of turns spent in the entire game.
 B = Non-inter-level travel turns spent in this place as a percentage of non-inter-level travel turns spent in the entire game.
 C = Inter-level travel turns spent in this place as a percentage of turns spent in this place.
 D = Turns resting spent in this place as a percentage of non-inter-level travel turns spent in this place.
 E = Turns spent auto-exploring this place as a percentage of non-inter-level travel turns spent in this place.
 F = Non-inter-level travel turns spent in this place divided by the number of levels of this place that you've seen.
                   A       B       C       D       E      F
               +-------+-------+-------+-------+-------+----------------------
         Total | 100.0 | 100.0 |   2.0 |  47.4 |  31.8 | 1018.3
       Dungeon | 100.0 | 100.0 |   2.0 |  47.4 |  31.8 | 1018.3
               +-------+-------+-------+-------+-------+----------------------

Table legend:
 A = Kills in this place as a percentage of kills in entire the game.
 B = Kills by you in this place as a percentage of kills by you in the entire game.
 C = Kills by friends in this place as a percentage of kills by friends in the entire game.
 D = Other kills in this place as a percentage of other kills in the entire game.
 E = Experience gained in this place as a percentage of experience gained in the entire game.
 F = Experience gained in this place divided by the number of levels of this place that you have seen.
                   A       B       C       D       E      F
               +-------+-------+-------+-------+-------+----------------------
         Total | 100.0 | 100.0 |   N/A |   N/A | 100.0 |  72.3
       Dungeon | 100.0 | 100.0 |   N/A |   N/A | 100.0 |  72.3
               +-------+-------+-------+-------+-------+----------------------
